3AAA
ELLENBURG FIGHTING DACHSUNDS @ MILTON DOGFISH HEAD
08/31/2041
 
TOP OF THE 1ST
Ellenburg Fighting Dachsunds batting - Pitching for Milton Dogfish Head : RHP Dylan Grandjean
Pitching: RHP Dylan Grandjean
Batting: RHB Sze Qi 0-0: Foul Ball, location: 2F
0-1: Ball
1-1: Called Strike
1-2: Ground out 6-3 (Groundball, 6, EV 88.8 MPH)
Batting: LHB Snow Wang 0-0: Ball
1-0: Ground out 3-1 (Groundball, 3S, EV 83.8 MPH)
Batting: LHB Mike Johnstone 0-0: Called Strike
0-1: Foul Ball, location: 2F
0-2: Foul Ball, location: 2F
0-2: Ball
1-2: Strikes out swinging
Top of the 1st over - 0 runs, 0 hits, 0 errors, 0 left on base; Ellenburg 0 - Milton 0
BOTTOM OF THE 1ST
Milton Dogfish Head batting - Pitching for Ellenburg Fighting Dachsunds : RHP Stu Riley
Pitching: RHP Stu Riley
Batting: RHB William Penn 0-0: Foul Ball, location: 2F
0-1: Ball
1-1: Foul Ball, location: 2F
1-2: Strikes out swinging
Batting: RHB Arnie Taylor 0-0: Ball
1-0: Called Strike
1-1: Ball
2-1: Foul Ball, location: 2F
2-2: Ball
3-2: Foul Ball, location: 2F
3-2: Ground out 6-3 (Groundball, 6MS, EV 86.2 MPH)
Batting: RHB Colton Pennington 0-0: Ball
1-0: Called Strike
1-1: Ball
2-1: Swinging Strike
2-2: Ball
3-2: Base on Balls
Batting: RHB Virgil Guldenmond 0-0: Ball
1-0: Swinging Strike
1-1: Ball
2-1: SINGLE (Line Drive, 89S, EV 111.9 MPH)
Colton Pennington to second
Runner from 2nd tries for 3rd, SAFE, no throw by RF
Batting: RHB Bobby Norris 0-0: Called Strike
0-1: Called Strike
0-2: Ball
1-2: Foul Ball, location: 2F
1-2: Foul Ball, location: 2F
1-2: Foul Ball, location: 2F
1-2: Ball
2-2: Ball
3-2: Strikes out swinging
Bottom of the 1st over - 0 runs, 1 hit, 0 errors, 2 left on base; Ellenburg 0 - Milton 0
TOP OF THE 2ND
Ellenburg Fighting Dachsunds batting - Pitching for Milton Dogfish Head : RHP Dylan Grandjean
Batting: RHB Emílio Agramónte 0-0: Swinging Strike
0-1: Called Strike
0-2: Strikes out swinging
Batting: RHB Jesse Garrett 0-0: Called Strike
0-1: Foul Ball, location: 2F
0-2: SINGLE (Line Drive, 3D, EV 105.0 MPH)
Batting: LHB Chet Clifton 0-0: Called Strike
0-1: Foul Ball, location: 2F
0-2: Strikes out swinging
Batting: RHB Dean Bush 0-0: Ball
1-0: Ball
2-0: Foul Ball, location: 2F
2-1: Ball
3-1: Base on Balls
Jesse Garrett to second
Batting: RHB Miguel Montés 0-0: Fielders Choice at 2nd, U4 (Groundball, 4M, EV 110.6 MPH)
Top of the 2nd over - 0 runs, 1 hit, 0 errors, 2 left on base; Ellenburg 0 - Milton 0
BOTTOM OF THE 2ND
Milton Dogfish Head batting - Pitching for Ellenburg Fighting Dachsunds : RHP Stu Riley
Batting: RHB Anthony Hollis 0-0: Ball
1-0: Ground out 6-3 (Groundball, 6MD, EV 106.9 MPH)
Batting: LHB John Mayer 0-0: Called Strike
0-1: Ground out 6-3 (Groundball, 6M, EV 79.4 MPH)
Batting: RHB Cédric Causse 0-0: Called Strike
0-1: Ball
1-1: Ground out 6-3 (Groundball, 6, EV 88.1 MPH)
Bottom of the 2nd over - 0 runs, 0 hits, 0 errors, 0 left on base; Ellenburg 0 - Milton 0
TOP OF THE 3RD
Ellenburg Fighting Dachsunds batting - Pitching for Milton Dogfish Head : RHP Dylan Grandjean
Batting: RHB Álex Maroto 0-0: Ball
1-0: Ball
2-0: Called Strike
2-1: Ball
3-1: Foul Ball, location: 2F
3-2: Base on Balls
Batting: RHB Sze Qi 0-0: Ball
1-0: Foul Ball, location: 2F
1-1: SINGLE (Flyball, 78S, EV 88.1 MPH)
Álex Maroto to second
Batting: LHB Snow Wang 0-0: Ball
1-0: SINGLE (Line Drive, 4MD, EV 104.4 MPH)
Álex Maroto to third
Sze Qi to second
Batting: LHB Mike Johnstone 0-0: Called Strike
0-1: Ball
1-1: Fly out, F8 (Flyball, 78D, EV 97.5 MPH)
Runner from 3rd tags up, OUT at HOME! 8-2
Sze Qi to third
Snow Wang to second
Batting: RHB Emílio Agramónte 0-0: Fly out, F8 (Flyball, 89D, EV 107.5 MPH)
Top of the 3rd over - 0 runs, 2 hits, 0 errors, 2 left on base; Ellenburg 0 - Milton 0
BOTTOM OF THE 3RD
Milton Dogfish Head batting - Pitching for Ellenburg Fighting Dachsunds : RHP Stu Riley
Batting: RHB Tae-wan Park 0-0: Fly out, F8 (Flyball, 8LXD, EV 94.4 MPH)
Batting: RHB William Penn 0-0: Ball
1-0: Swinging Strike
1-1: Swinging Strike
1-2: Strikes out looking
Batting: RHB Arnie Taylor 0-0: Ball
1-0: Called Strike
1-1: Foul Ball, location: 2F
1-2: Ball
2-2: Foul Ball, location: 2F
2-2: Ball
3-2: Fly out, F9 (Flyball, 89S, EV 83.1 MPH)
Bottom of the 3rd over - 0 runs, 0 hits, 0 errors, 0 left on base; Ellenburg 0 - Milton 0
TOP OF THE 4TH
Ellenburg Fighting Dachsunds batting - Pitching for Milton Dogfish Head : RHP Dylan Grandjean
Batting: RHB Jesse Garrett 0-0: Ball
1-0: Ball
2-0: Called Strike
2-1: Ball
3-1: Base on Balls
Batting: LHB Chet Clifton 0-0: Ball
1-0: Ball
2-0: Foul Ball, location: 2F
2-1: Ball
3-1: Base on Balls
Jesse Garrett to second
Batting: RHB Dean Bush 0-0: Called Strike
0-1: Ball
1-1: Ball
2-1: Foul Ball, location: 2F
2-2: SINGLE (Line Drive, 7S, EV 106.9 MPH)
Jesse Garrett to third
Chet Clifton to second
Batting: RHB Miguel Montés 0-0: Ball
1-0: Foul Ball, location: 2F
1-1: Ball
2-1: Called Strike
2-2: SINGLE (Line Drive, 3D, EV 105.0 MPH)
Jesse Garrett scores
Chet Clifton to third
Dean Bush to second
Runner from 3rd tries for Home, SAFE, throw by RF to home
Batting: RHB Álex Maroto 0-0: Ball
1-0: Called Strike
1-1: Foul Ball, location: 2F
1-2: Fielders Choice at 2nd, 6-4 (Groundball, 6, EV 80.6 MPH)
Dean Bush to third
Batting: RHB Sze Qi 0-0: Ball
Álex Maroto is caught stealing 2nd base 2-4
1-0: Swinging Strike
1-1: Called Strike
1-2: Ball
2-2: Ball
3-2: Strikes out swinging
Top of the 4th over - 2 runs, 2 hits, 0 errors, 1 left on base; Ellenburg 2 - Milton 0
BOTTOM OF THE 4TH
Milton Dogfish Head batting - Pitching for Ellenburg Fighting Dachsunds : RHP Stu Riley
Batting: RHB Colton Pennington 0-0: Ball
1-0: SINGLE (Groundball, 6D, EV 94.4 MPH)
Batting: RHB Virgil Guldenmond 0-0: Ball
1-0: Ball
2-0: Foul Ball, location: 2F
2-1: Ball
3-1: Fielders Choice at 2nd, 6-4 (Groundball, 6S, EV 83.1 MPH)
Batting: RHB Bobby Norris 0-0: Ball
1-0: Ball
2-0: 2-RUN HOME RUN (Flyball, 9D, EV 99.4 MPH), Distance : 368 ft
Batting: RHB Anthony Hollis 0-0: Ball
1-0: Ball
2-0: Foul Ball, location: 2F
2-1: Fly out, F5 (Popup, 5SF, EV 71.2 MPH)
Batting: LHB John Mayer 0-0: Called Strike
0-1: Called Strike
0-2: Foul Ball, location: 2F
0-2: Ball
1-2: DOUBLE (Line Drive, 9LD, EV 105.0 MPH)
Batting: RHB Cédric Causse 0-0: Called Strike
0-1: Called Strike
0-2: SINGLE (Groundball, 6MD, EV 101.2 MPH)
John Mayer to third
Runner from 3rd tries for Home, throw by CF and OUT! 8-2
Bottom of the 4th over - 2 runs, 4 hits, 0 errors, 1 left on base; Ellenburg 2 - Milton 2
TOP OF THE 5TH
Ellenburg Fighting Dachsunds batting - Pitching for Milton Dogfish Head : RHP Dylan Grandjean
Batting: LHB Snow Wang 0-0: Ball
1-0: Ball
2-0: Foul Ball, location: 2F
2-1: SINGLE (Line Drive, 4D, EV 95.0 MPH)
Batting: LHB Mike Johnstone 0-0: Called Strike
0-1: Ball
1-1: Ground out 4-3 (Groundball, 34, EV 92.5 MPH)
Snow Wang to second
Batting: RHB Emílio Agramónte 0-0: Ground out 6-3 (Groundball, 6, EV 85.0 MPH)
Batting: RHB Jesse Garrett 0-0: Ball
1-0: Ball
2-0: Ball
3-0: Called Strike
3-1: Base on Balls
Batting: LHB Chet Clifton 0-0: Foul Ball, location: 2F
0-1: Ball
1-1: Ball
2-1: Ball
3-1: Base on Balls
Snow Wang to third
Jesse Garrett to second
Batting: RHB Dean Bush 0-0: Ball
1-0: Fly out, F9 (Flyball, 9D, EV 97.5 MPH)
Top of the 5th over - 0 runs, 1 hit, 0 errors, 3 left on base; Ellenburg 2 - Milton 2
BOTTOM OF THE 5TH
Milton Dogfish Head batting - Pitching for Ellenburg Fighting Dachsunds : RHP Stu Riley
Batting: RHB Tae-wan Park 0-0: SINGLE (Groundball, 5, EV 103.1 MPH) (infield hit)
Batting: RHB William Penn 0-0: Ball
1-0: Sac Bunt to 25 - play at first, batter OUT! 5-4
Tae-wan Park to second
Batting: RHB Arnie Taylor 0-0: Swinging Strike
0-1: Ball
1-1: Called Strike
1-2: Ball
2-2: Ball
3-2: Strikes out looking
Batting: RHB Colton Pennington 0-0: Called Strike
0-1: Ground out 1-3 (Groundball, 13S, EV 75.6 MPH)
Bottom of the 5th over - 0 runs, 1 hit, 0 errors, 1 left on base; Ellenburg 2 - Milton 2
TOP OF THE 6TH
Ellenburg Fighting Dachsunds batting - Pitching for Milton Dogfish Head : RHP Dylan Grandjean
Batting: RHB Miguel Montés 0-0: Called Strike
0-1: Ground out 2-3 (Groundball, 2R, EV 66.9 MPH)
Pitching: RHP Patrick Nicolas
Batting: RHB Álex Maroto 0-0: Called Strike
0-1: Called Strike
0-2: DOUBLE (Line Drive, 5D, EV 103.1 MPH)
Batting: RHB Sze Qi 0-0: Foul Ball, location: 2F
0-1: Called Strike
0-2: Ball
1-2: Foul Ball, location: 2F
1-2: Ball
2-2: Foul Ball, location: 2F
2-2: Ball
3-2: Foul Ball, location: 2F
3-2: Base on Balls
Batting: LHB Snow Wang 0-0: Called Strike
0-1: Swinging Strike
0-2: Strikes out swinging
Batting: LHB Mike Johnstone 0-0: Called Strike
0-1: Swinging Strike
0-2: Ball
1-2: Foul Ball, location: 2F
1-2: Strikes out swinging
Top of the 6th over - 0 runs, 1 hit, 0 errors, 2 left on base; Ellenburg 2 - Milton 2
BOTTOM OF THE 6TH
Milton Dogfish Head batting - Pitching for Ellenburg Fighting Dachsunds : RHP Stu Riley
Batting: RHB Virgil Guldenmond 0-0: Ball
1-0: Ball
2-0: Ball
3-0: Called Strike
3-1: Called Strike
3-2: Strikes out swinging
Batting: RHB Bobby Norris 0-0: Ball
1-0: Called Strike
1-1: Swinging Strike
1-2: Ball
2-2: SINGLE (Groundball, 34D, EV 100.0 MPH)
Batting: RHB Anthony Hollis Pickoff Throw to First - Error! E1
Bobby Norris to second
0-0: Called Strike
0-1: Ball
1-1: Foul Ball, location: 2F
1-2: Foul Ball, location: 2F
1-2: Fly out, F8 (Line Drive, 8LM, EV 85.6 MPH)
Batting: LHB John Mayer 0-0: Ball
1-0: Ground out 6-3 (Groundball, 6, EV 80.6 MPH)
Bottom of the 6th over - 0 runs, 1 hit, 1 error, 1 left on base; Ellenburg 2 - Milton 2
TOP OF THE 7TH
Ellenburg Fighting Dachsunds batting - Pitching for Milton Dogfish Head : RHP Patrick Nicolas
Batting: RHB Emílio Agramónte 0-0: Ball
1-0: Swinging Strike
1-1: Foul Ball, location: 2F
1-2: Ball
2-2: Strikes out swinging
Batting: RHB Jesse Garrett 0-0: Ball
1-0: Called Strike
1-1: Called Strike
1-2: Strikes out looking
Batting: LHB Chet Clifton 0-0: Foul Ball, location: 2F
0-1: Swinging Strike
0-2: Strikes out looking
Top of the 7th over - 0 runs, 0 hits, 0 errors, 0 left on base; Ellenburg 2 - Milton 2
BOTTOM OF THE 7TH
Milton Dogfish Head batting - Pitching for Ellenburg Fighting Dachsunds : RHP Stu Riley
Pitching: RHP Kini Grinter
Batting: RHB Cédric Causse 0-0: Ball
1-0: Called Strike
1-1: Ball
2-1: Swinging Strike
2-2: Foul Ball, location: 2F
2-2: Ball
3-2: Fly out, F8 (Flyball, 8RM, EV 83.8 MPH)
Batting: RHB Tae-wan Park 0-0: Ball
1-0: Ball
2-0: Called Strike
2-1: Foul Ball, location: 2F
2-2: Foul Ball, location: 2F
2-2: SINGLE (Groundball, 56D, EV 94.4 MPH)
Batting: RHB William Penn 0-0: Ball
Passed Ball!
Tae-wan Park to second
1-0: SINGLE (Line Drive, 8RS, EV 111.2 MPH)
Tae-wan Park to third
Runner from 3rd tries for Home, SAFE, throw by CF to home
Batting: RHB Arnie Taylor 0-0: Ball
1-0: Fielders Choice at 2nd, 1-6 (Groundball, 23, EV 68.8 MPH)
Batting: RHB Colton Pennington 0-0: Called Strike
0-1: Ball
1-1: Ball
2-1: Foul Ball, location: 2F
2-2: Strikes out swinging, 2-3 out at first.
Bottom of the 7th over - 1 run, 2 hits, 0 errors, 1 left on base; Ellenburg 2 - Milton 3
TOP OF THE 8TH
Ellenburg Fighting Dachsunds batting - Pitching for Milton Dogfish Head : RHP Patrick Nicolas
Now at 1B: Lawrence O'Neal
Batting: RHB Dean Bush 0-0: SOLO HOME RUN (Flyball, 7D, EV 111.2 MPH), Distance : 397 ft
Batting: RHB Miguel Montés 0-0: Ground out 2-3 (Groundball, 13S, EV 70.0 MPH)
Pitching: RHP De Dion-Bouton
Batting: RHB Álex Maroto 0-0: DOUBLE (Line Drive, 89D, EV 98.8 MPH)
Batting: RHB Sze Qi 0-0: Foul Ball, location: 2F
0-1: Called Strike
0-2: Ball
1-2: Strikes out looking
Batting: LHB Snow Wang 0-0: Ball
1-0: Ball
2-0: Called Strike
2-1: Foul Ball, location: 2F
2-2: Ground out 2-3 (Groundball, 2L, EV 68.8 MPH)
Top of the 8th over - 1 run, 2 hits, 0 errors, 1 left on base; Ellenburg 3 - Milton 3
BOTTOM OF THE 8TH
Milton Dogfish Head batting - Pitching for Ellenburg Fighting Dachsunds : RHP Kini Grinter
Batting: RHB Virgil Guldenmond 0-0: Ball
1-0: Foul Ball, location: 2F
1-1: Foul Ball, location: 2F
1-2: Ball
2-2: Strikes out looking
Batting: RHB Bobby Norris 0-0: Called Strike
0-1: Ball
1-1: Ball
2-1: Ball
3-1: Base on Balls
Batting: RHB Anthony Hollis 0-0: Ball
1-0: Ball
2-0: Called Strike
2-1: Called Strike
2-2: Ball
3-2: Strikes out swinging
Batting: LHB John Mayer 0-0: Ball
1-0: Foul Ball, location: 2F
1-1: Ball
2-1: Ball
3-1: Base on Balls
Bobby Norris to second
Batting: RHB Cédric Causse 0-0: Ball
1-0: Swinging Strike
1-1: Ball
2-1: Ball
3-1: Foul Ball, location: 2F
3-2: Base on Balls
Bobby Norris to third
John Mayer to second
Pitching: RHP Adam Durango
Batting: RHB Tae-wan Park 0-0: Ball
1-0: Swinging Strike
1-1: Called Strike
1-2: Ball
2-2: SINGLE (Line Drive, 4D, EV 101.9 MPH)
Bobby Norris scores
John Mayer to third
Cédric Causse to second
Runner from 3rd tries for Home, SAFE, throw by RF to home
Batting: RHB William Penn 0-0: Ground out U3 (Groundball, 3S, EV 80.0 MPH)
Bottom of the 8th over - 2 runs, 1 hit, 0 errors, 2 left on base; Ellenburg 3 - Milton 5
TOP OF THE 9TH
Ellenburg Fighting Dachsunds batting - Pitching for Milton Dogfish Head : RHP De Dion-Bouton
Pitching: RHP Sergio Tacuri
Batting: LHB Mike Johnstone 0-0: Called Strike
0-1: Ball
1-1: Called Strike
1-2: Ball
2-2: Fly out, F8 (Flyball, 8LXD, EV 103.8 MPH)
Batting: RHB Emílio Agramónte 0-0: Called Strike
0-1: Fly out, F7 (Line Drive, 7, EV 108.1 MPH)
Batting: RHB Jesse Garrett 0-0: Ball
1-0: Fly out, F7 (Flyball, 78D, EV 89.4 MPH)
Top of the 9th over - 0 runs, 0 hits, 0 errors, 0 left on base; Ellenburg 3 - Milton 5
Tuesday, January 5th, 2021 - OOTP Baseball 20.8 Build 74